 Dungeon Crawl Stone Soup version 0.30-a0-123-g91d0c66ccf (webtiles) character file.

Game seed: 10584389691956922147

265 LnG the Chopper (level 6, 0/53 HPs)
             Began as a Hill Orc Fighter on Sept 17, 2022.
             Slain by a jelly (2 damage)
             ... on level 4 of the Dungeon.
             The game lasted 00:09:21 (3466 turns).

LnG the Chopper (Hill Orc Fighter)                  Turns: 3466, Time: 00:09:21

Health: 0/53       AC: -3    Str: 21    XL:     6   Next: 20%
Magic:  6/6        EV:  9    Int:  8    God:
Gold:   127        SH:  4    Dex: 10    Spells: 5/5 levels left

rFire   . . .      SeeInvis .    a - +0 war axe
rCold   . . .      Faith    .    c - +0 buckler
rNeg    . . .      Spirit   .    b - +0 scale mail
rPois   .          Reflect  .    (no helmet)
rElec   .          Harm     .    i - +0 cloak
rCorr   .          Rampage  .    (no gloves)
Will    .....                    (no boots)
Stlth   ..........               h - amulet of the acrobat
HPRegen 0.17/turn                k - ring of flight
MPRegen 0.10/turn                (no ring)

@: corroded, flying
A: no striking features
a: no special abilities


You were on level 4 of the Dungeon.
You visited 1 branch of the dungeon, and saw 4 of its levels.

You collected 127 gold pieces.

Inventory:

Hand Weapons
 a - a +0 war axe (weapon)
Missiles
 l - 2 boomerangs (quivered)
Armour
 b - a +0 scale mail (worn)
 c - a +0 buckler (worn)
 i - a +0 cloak (worn)
Jewellery
 h - an amulet of the acrobat (around neck)
 k - a ring of flight (left hand)
Wands
 x - a wand of polymorph (9)
Scrolls
 e - a scroll of fog {unknown}
 f - a scroll of acquirement {unknown}
 g - 5 scrolls of identify {unknown}
 j - a scroll of magic mapping {unknown}
 m - 2 scrolls of blinking {unknown}
 o - a scroll of brand weapon {unknown}
 q - a scroll of poison {unknown}
 r - 3 scrolls of teleportation {unknown}
 u - a scroll of summoning {unknown}
 v - a scroll of enchant armour {unknown}
Potions
 d - a potion of might
 n - a potion of berserk rage {unknown}
 p - 2 potions of lignification {unknown}
 s - a potion of cancellation {unknown}
 t - 2 potions of curing {unknown}
 w - a potion of brilliance {unknown}


   Skills:
 + Level 4.5 Fighting
 + Level 5.4 Axes
 + Level 4.4 Armour
 + Level 1.4 Dodging
 + Level 0.3 Stealth
 + Level 4.0 Shields


You had 5 spell levels left.
You didn't know any spells.
Your spell library contained the following spells:

 Spells                   Type           Power      Damage    Failure   Level
 Slow                     Hex            0%         N/A       83%         1
 Confusing Touch          Hex            0%         N/A       99%         3
 Gell's Gravitas          Tloc           0%         N/A       99%         3
 Lesser Beckoning         Tloc           0%         N/A       99%         3
 Stone Arrow              Conj/Erth      0%         3d7       99%         3
 Teleport Other           Tloc           0%         N/A       99%         3
 Tukima's Dance           Hex            0%         N/A       99%         3
 Vampiric Draining        Necr           0%         2d6       99%         3
 Animate Armour           Summ/Erth      0%         N/A       100%        4
 Passage of Golubria      Tloc           0%         N/A       100%        4
 Yara's Violent Unravell  Hex/Tmut       0%         3d3       100%        5
 Lehudib's Crystal Spear  Conj/Erth      0%         10d2      100%        8


Dungeon Overview and Level Annotations

Branches:
Dungeon (4/15)
 Temple: D:4-7

Altars:


Message History

The orc barely misses you.
You completely miss the orc. You block the orc's attack.
You slash the orc!
You kill the orc!
You slash the orc!
You kill the orc!
You hit the orc.
The orc is heavily wounded.
The orc closely misses you.
The jelly jiggles.
The orc barely misses you. The orc hits you with a +0 short sword.
You slash the orc!
You kill the orc!
The orc closely misses you.
You slash the jelly!
Your hands burn!
The jelly is heavily wounded.
The orc barely misses you. The jelly hits you. The acid corrodes you!
You are splashed with acid!
You hit the jelly but do no damage. The acid corrodes you!
Your hands burn!
The jelly is heavily wounded.
The orc hits you from afar with a +0 trident.
The jelly misses you.
You hit the jelly but do no damage.
Your hands burn!
The jelly is heavily wounded.
The orc misses you. The jelly hits you. The acid corrodes you!
You are splashed with acid!
You block the orc's attack. The jelly hits you.
* * * LOW HITPOINT WARNING * * *
You are splashed with acid!
* * * LOW HITPOINT WARNING * * *
You hit the jelly. The acid corrodes you!
Your hands burn!
* * * LOW HITPOINT WARNING * * *
The jelly is almost dead.
The orc hits you from afar with a +0 trident.
* * * LOW HITPOINT WARNING * * *
You block the jelly's attack.
Unknown command.
You barely miss the jelly.
The jelly is almost dead.
The orc closely misses you. The jelly hits you.
You die...

#.... #.... .... ...
..## o.# #+# #J#
#######.########@###
...................+
#######.############
........# .########
.# .# .# .#


You could see a jelly and an orc.

Vanquished Creatures
  3 orc priests
  A hound (D:3)
  An orc wizard (D:3)
  3 adders
  An ufetubus (D:3)
  2 worms (D:2)
  3 dart slugs (D:1)
  9 orcs
  3 bats
  5 endoplasms
  2 giant cockroaches
  5 goblins
  5 hobgoblins
  4 jackals (D:3)
  8 kobolds
  2 quokkas (D:1)
  5 ball pythons
  2 frilled lizards (D:2)
  3 rats
67 creatures vanquished.

Notes
Turn   | Place    | Note
-------+----------+-------------------------------------------
     0 | D:1      | LnG the Hill Orc Fighter began the quest for the Orb.
     0 | D:1      | Reached XP level 1. HP: 19/19 MP: 1/1
   157 | D:1      | Reached XP level 2. HP: 25/27 MP: 2/2
   275 | D:1      | Reached skill level 3 in Axes
   381 | D:1      | Found a faded altar of an unknown god.
   389 | D:1      | Reached XP level 3. HP: 25/33 MP: 3/3
  1272 | D:2      | Reached XP level 4. HP: 38/41 MP: 4/4
  1339 | D:2      | Reached skill level 4 in Axes
  2131 | D:2      | Reached XP level 5. HP: 32/47 MP: 5/5
  2424 | D:3      | Reached skill level 5 in Axes
  2430 | D:3      | Reached skill level 1 in Dodging
  2940 | D:3      | Reached XP level 6. HP: 44/53 MP: 6/6
  3465 | D:4      | HP: 2/53 [orc/+0 trident (1)]
  3466 | D:4      | Slain by a jelly

Illustrated notes

Levels and vault maps discovered:
D:1:      pf_arrival_petrified_forest, layout_loops_ring,
          shapermc_ecumenical_altar_mp_highgroup
D:2:      layout_rooms
D:3:      layout_loops_ring
D:4:      layout_basic, temple_statues, gup_sewer_entry_pipe,
          eino_small_chamber_without_monster, uniq_blork_the_orc

Skill      XL: |  1  2  3  4  5 |
---------------+----------------+-----
Axes           | 3 4 5 |  5.4
Fighting       | 4 |  4.5
Shields        | 4 |  4.0
Dodging        | 1 |  1.4
Armour         | 4 |  4.4
Stealth        | |  0.3

Action                   |  1- 3 |  4- 6 || total
-------------------------+-------+-------++-------
Melee: War axe           |   103 |   111 ||   214
Armor: Scale mail        |    43 |    51 ||    94
Dodge: Dodged            |    57 |    58 ||   115
Block: Buckler           |    27 |    19 ||    46

Table legend: (Time is in decaauts)
 A = Elapsed time spent in this place.
 B = Non-inter-level travel time spent in this place.
 C = Inter-level travel time spent in this place.
 D = Time resting spent in this place.
 E = Time spent auto-exploring this place.
 F = Levels seen in this place.
 G = Mean time per level.
                   A        B        C        D        E       F      G
               +--------+--------+--------+--------+--------+-----+--------+
         Total |   3538 |   3137 |    401 |    914 |    665 |   4 |  884.5 |
       Dungeon |   3538 |   3137 |    401 |    914 |    665 |   4 |  884.5 |
               +--------+--------+--------+--------+--------+-----+--------+

Top non-repeatable levels by time:
     D:3: 1482 daAuts
     D:1: 989 daAuts
     D:2: 899 daAuts
     D:4: 167 daAuts
